 Dungeon Crawl Stone Soup version 0.28.0 (webtiles) character file.

Game seed: 15026117448452162598

123 HallandMoats the Skirmisher (level 5, -8/46 HPs)
             Began as a Ghoul Fighter on Feb 8, 2022.
             Killed from afar by an orc wizard (11 damage)
             ... with a magic dart
             ... on level 3 of the Dungeon.
             The game lasted 00:02:19 (1830 turns).

HallandMoats the Skirmisher (Ghoul Fighter)         Turns: 1830, Time: 00:02:19

Health: -8/46      AC:  7    Str: 20    XL:     5   Next: 7%
Magic:  5/5        EV:  9    Int:  5    God:
Gold:   63         SH:  0    Dex:  8    Spells: 4/4 levels left

rFire   . . .      SeeInvis .   a - +0 war axe
rCold   + . .      Faith    .   c - +0 buckler
rNeg    + + +      Spirit   .   b - +0 scale mail
rPois   ∞          Reflect  .   f - +0 helmet
rElec   .          Harm     .   (no cloak)
rCorr   .          Rampage  .   (no gloves)
Will    .....                   (no boots)
Stlth   ..........              (no amulet)
HPRegen 0.00/turn               (no ring)
MPRegen 0.09/turn               (no ring)

@: confused, mighty, brilliant, inhibited regen
A: claws 1, cold resistance 1, negative energy resistance 3, inhibited
regeneration, torment resistance 2
a: no special abilities


You were on level 3 of the Dungeon.
You visited 1 branch of the dungeon, and saw 3 of its levels.

You collected 63 gold pieces.

Inventory:

Hand Weapons
 a - a +0 war axe (weapon)
Armour
 b - a +0 scale mail (worn)
 c - a +0 buckler (worn)
 f - a +0 helmet (worn)
Jewellery
 g - a +6 ring of dexterity
Scrolls
 e - a scroll of identify {unknown}
 i - a scroll of amnesia {unknown}
 j - 2 scrolls of fog {unknown}
Potions
 h - a potion of brilliance


   Skills:
 * Level 4.0 Fighting
 * Level 2.5 Axes
 + Level 3.0 Armour
 + Level 1.1 Dodging
 + Level 3.1 Shields
 * Level 2.1 Invocations


You had 4 spell levels left.
You didn't know any spells.
Your spell library contained the following spells:

 Spells                   Type           Power      Damage    Failure   Level
 Magic Dart               Conj           0%         1d3       90%         1
 Ensorcelled Hibernation  Hex/Ice        0%         N/A       97%         2
 Passwall                 Tmut/Erth      0%         N/A       97%         2
 Searing Ray              Conj           0%         2d4       97%         2
 Swiftness                Air            0%         N/A       99%         3
 Fulminant Prism          Conj/Hex       0%         3d6       100%        4


Dungeon Overview and Level Annotations

Branches:
Dungeon (3/15)

Altars:


Innate Abilities, Weirdness & Mutations

You thrive by killing the living.
You are immune to poison.
You have sharp fingernails.
Your flesh is cold resistant. (rC+)
You are immune to negative energy. (rN+++)
You do not regenerate when monsters are visible.
You are immune to unholy pain and torment.


Message History

You feel stronger.
You bump into the rock wall.
You hear some strange, mumbled words.
A magic dart appears from out of thin air!
The magic dart hits you.
You're too confused to move!
Something hits you but does no damage.
You bump into the rock wall.
You hear some strange, mumbled words.
You are more confused.
You bump into the rock wall.
Something hits you but does no damage.
You completely miss something.
An orc wizard appears from thin air!
Reactivating autopickup.
The orc wizard hits you with a +0 dagger.
You miss the orc wizard.
The orc wizard is lightly wounded.
The orc wizard casts a spell at you. The magic dart hits you!
* * * LOW HITPOINT WARNING * * *
The orc wizard casts a spell at you. The magic dart hits you!
* * * LOW HITPOINT WARNING * * *
It was a potion of brilliance.
You feel clever all of a sudden. The orc wizard barely misses you.
You're too confused to attack without stumbling around!
You feel very mighty all of a sudden. The orc wizard barely misses you.
You miss the orc wizard.
The orc wizard is lightly wounded.
The orc wizard hits you but does no damage.
You closely miss the orc wizard.
The orc wizard is lightly wounded.
You feel less confused. The orc wizard casts a spell at you.
You are confused.
You miss the orc wizard.
The orc wizard is lightly wounded.
The orc wizard casts a spell at you. The magic dart hits you!
You die...

#.. #.# #.# #.# ##.###
##### ######..... ...
........... #.# #.......
#@##### #......# #
#o#...### #......# #..
#o#.....# #......#
#....###g#....$###......#
#........................
##.#####.#...######....##
#......!)'.........#
........#...######....#
........##### ###+##


You could see an orc wizard, an orc and a goblin.

Vanquished Creatures
  Jessica (D:2)
  An orc wizard (D:3)
  2 adders (D:2)
  4 dart slugs
  An orc (D:3)
  5 ball pythons
  4 endoplasms (D:1)
  3 giant cockroaches
  5 hobgoblins
  4 jackals (D:1)
  2 quokkas (D:1)
  5 bats
  2 frilled lizards
  5 goblins
  3 kobolds
  9 rats
56 creatures vanquished.

Notes
Turn   | Place    | Note
-------+----------+-------------------------------------------
     0 | D:1      | HallandMoats the Ghoul Fighter began the quest for the Orb.
     0 | D:1      | Reached XP level 1. HP: 19/19 MP: 0/0
   191 | D:1      | Reached XP level 2. HP: 19/26 MP: 1/1
   312 | D:1      | Reached skill level 1 in Invocations
   322 | D:1      | Reached XP level 3. HP: 31/31 MP: 2/2
   932 | D:2      | Noticed Jessica
   941 | D:2      | Killed Jessica
   942 | D:2      | Reached skill level 1 in Dodging
   942 | D:2      | Reached XP level 4. HP: 36/40 MP: 4/4
  1358 | D:2      | Found a faded altar of an unknown god.
  1798 | D:3      | Reached skill level 4 in Fighting
  1820 | D:3      | Reached XP level 5. HP: 26/46 MP: 5/5
  1830 | D:3      | Killed from afar by an orc wizard

Illustrated notes

Levels and vault maps discovered:
D:1:      elethiomel_arrival_fortress_basement, layout_rooms
D:2:      layout_basic, dilly_ecumenical_altar_fadedgnrine, uniq_jessica
D:3:      minmay_razor_zed, layout_basic

Skill      XL: |  1  2  3  4 |
---------------+-------------+-----
Axes           | 2 |  2.5
Invocations    | 1 2 |  2.1
Armour         | 3 |  3.0
Dodging        | 1 |  1.1
Shields        | 3 |  3.1
Fighting       | 4 |  4.0

Action                   |  1- 3 |  4- 6 || total
-------------------------+-------+-------++-------
Melee: War axe           |   105 |    68 ||   173
  Use: Potion            |       |     2 ||     2
Armor: Scale mail        |    55 |    52 ||   107
Dodge: Dodged            |    50 |    30 ||    80
Block: Buckler           |    17 |    14 ||    31
